Cogmind - Beta 14 @@@ ROGUE MODE // 2024.09.26 @ 08:15:50 Player: star Result: Destroyed by VF-7J1(R) with Subdweller Machine Gun Performance ------------- Evolutions (0) 0 Regions Visited (2) 400 Robots Destroyed (22) 110 Value Destroyed (407) 407 Prototype IDs (0) 0 Alien Tech Used (0) 0 Bonus (0) 0 TOTAL SCORE: 917 Bonus ------- None Cogmind --------- Core Integrity 0/250 Matter 125/300 Energy 99/100 System Corruption 0% Temperature Cool (0) Movement Core (50) Location -10/Subcaves Parts ------- > --- POWER (1) -------- (None) > --- PROPULSION (2) --- (None) > --- UTILITY (2) ------ (None) > --- WEAPON (2) ------- (None) > --- INVENTORY (5) ---- Ion Engine Light Ion Engine Aluminum Leg Aluminum Leg Assault Rifle Peak State ------------ > --- POWER ------------ Subdweller Power Source > --- PROPULSION ------- Aluminum Leg Aluminum Leg > --- UTILITY ---------- Heat Sink High-capacity Storage Unit > --- WEAPON ----------- Light Assault Rifle Battle Rifle > --- INVENTORY -------- Ion Engine Light Ion Engine Aluminum Leg Aluminum Leg Aluminum Leg Aluminum Leg Targeting Computer Weapon Shielding Assault Rifle Grenade Launcher [Rating: 10] Favorites ----------- Power Ion Engine Engine Ion Engine Power Core Light Nuclear Core Propulsion Aluminum Leg Leg Aluminum Leg Wheel Wheel Utility High-capacity Storage Unit Device Heat Sink Storage High-capacity Storage Unit Weapon Light Assault Rifle Ballistic Gun Light Assault Rifle Launcher Grenade Launcher Build | -11 -10 -10 ------- Run | Yrd Mat Sub Slots Evolved . | . . . Power . | . . . Propulsion . | . . . Utility . | . . . Weapon . | . . . Parts Attached 23 | 7 10 6 Power 4 | 2 1 1 Engine 3 | 2 . 1 Core 1 | . 1 . Reactor . | . . . Propulsion 6 | 3 3 . Treads . | . . . Leg 5 | 2 3 . Wheel 1 | 1 . . Hover . | . . . Flight . | . . . Utility 2 | . 2 . Device 1 | . 1 . Storage 1 | . 1 . Processor . | . . . Hackware . | . . . Protection . | . . . Artifact . | . . . Weapon 11 | 2 4 5 Energy Gun . | . . . Energy Cannon . | . . . Ballistic Gun 8 | 2 3 3 Ballistic Cannon . | . . . Launcher 3 | . 1 2 Special Weapon . | . . . Impact Weapon . | . . . Slashing Weapon . | . . . Piercing Weapon . | . . . Special Melee Weapon . | . . . Unidentified Prototypes . | . . . Parts Lost 10 | . 3 7 Power 2 | . 1 1 Propulsion 3 | . 1 2 Utility 1 | . . 1 Weapon 4 | . 1 3 Highest Loss Streak 6 | . 3 6 To Critical Strikes . | . . . Average Slot Usage (%) 88 | . 95 78 Engine 7 | . 9 4 Core 2 | . 3 . Leg 26 | . 27 24 Device 12 | . 12 12 Storage 12 | . 13 12 Ballistic Gun 25 | . 27 24 Peak Build Rating 10 | 5 9 10 Average Rating 6 | 3 7 6 On Entrance 4 | . 5 9 Naked Turns 76 | . . 76 Heaviest Build 51 | 7 51 49 Greatest Support 20 | 20 20 20 Greatest Overweight (x) 4 | . 4 2 Average Overweight (x) 1 | . 1 1 Largest Inventory Capacity 20 | 5 20 20 Average Capacity 17 | 5 19 18 Most Carried 10 | 2 9 10 Average Carried 7 | . 7 8 Final Capacity 20 | 5 20 5 Final Carried 9 | 2 9 5 Class Distribution -------------------- 83% | Mutant 16% | Scavenger-Mutant Dominant Class ---------------- Mutant | -10/Materials Mutant | -10/Subcaves Resources | -11 -10 -10 ----------- Run | Yrd Mat Sub Matter Collected 457 | 268 166 23 Remotely . | . . . Salvage Created 519 | 31 387 101 Parts 47 | 2 40 5 Haulers Intercepted 1 | . 1 . Recyclers Shooed . | . . . Parts Field Recycled . | . . . Retrieved Matter . | . . . Parts Self-Destructed 5 | . . 5 Prevented . | . . . Kills | -11 -10 -10 ------- Run | Yrd Mat Sub Combat Hostiles Destroyed 17 | 1 13 3 Guns 12 | 1 10 1 AOE 5 | . 3 2 Classes Destroyed 6 | 1 4 1 Worker 2 | . 2 . Builder 2 | . 2 . Hauler 1 | . 1 . Swarmer 9 | . 9 . Grunt 5 | 1 4 . Subdweller 3 | . . 3 Best Kill Streak 10 | 1 10 2 Combat Bots Only 6 | 1 6 2 Max Kills in Single Turn 5 | 1 5 1 Gunslinging . | . . . Exploded 2 | . 2 1 Melee . | . . . Uniques/NPCs Destroyed . | . . . Combat | -11 -10 -10 -------- Run | Yrd Mat Sub Hostile Shots Fired 113 | 5 62 46 Missed 34 | 2 20 12 Damage Taken 1252 | 34 456 762 Core 270 | 12 39 219 Absorbed by Shields . | . . . Core Remaining (%) 95 | 95 . . Volleys Fired 54 | 4 31 19 Largest 2 | 2 2 2 Hottest 50 | 40 50 50 Shots Fired 102 | 8 62 32 Gun 96 | 8 58 30 Cannon . | . . . Launcher 6 | . 4 2 Special . | . . . Kinetic 96 | 8 58 30 Thermal . | . . . Explosive 6 | . 4 2 Electromagnetic . | . . . Robot Hit Streak 15 | 6 6 15 Robot Miss Streak 2 | 1 2 1 Penetration Max . | . . . Secondary Targets 2 | . 2 . Max Gunslinging Chain 1 | . 1 . Shots Hit Robots 65 | 7 36 22 Core Hits 35 | 3 26 6 Critical Kills . | . . . Critical Parts Destroyed . | . . . Critical Strikes . | . . . Melee Attacks . | . . . Impact . | . . . Slashing . | . . . Piercing . | . . . Sneak Attacks . | . . . Combat Hostiles . | . . . Follow-up Attacks . | . . . Damage Inflicted 1110 | 54 751 305 Guns 590 | 54 385 151 Cannons . | . . . Explosions 520 | . 366 154 Melee . | . . . Ramming . | . . . Kinetic 590 | 54 385 151 Thermal . | . . . Explosive 520 | . 366 154 Electromagnetic . | . . . Impact . | . . . Slashing . | . . . Piercing . | . . . Highest Corruption . | . . . Average Corruption . | . . . Corruption Purged . | . . . Corruption Blocked . | . . . Overload Shots . | . . . Overflow Damage 11 | . 10 1 Projectiles . | . . . Explosions 11 | . 10 1 Melee . | . . . Knockbacks . | . . . Impact . | . . . Kinetic . | . . . Secondary . | . . . Self-Inflicted Damage 106 | . 32 74 Shots 3 | . 1 2 Rammed . | . . . Targets Rammed . | . . . Kicked . | . . . Crushed . | . . . Highest Temperature 12 | 12 12 . Average Temperature 7 | 9 7 . Received Heat Transfer 267 | 18 147 102 Siege Activations . | . . . Robots Corrupted . | . . . Combat Hostiles . | . . . Parts Fried . | . . . Impact Corruptions . | . . . Robots Melted . | . . . Combat Hostiles . | . . . Parts Melted . | . . . Heat Transferred . | . . . Parts Sabotaged . | . . . Parts Stolen . | . . . Parts Stripped . | . . . Power Chain Reactions . | . . . Alert | -11 -10 -10 ------- Run | Yrd Mat Sub Peak Influence 225 | 20 225 . Initial 13 | . 13 . Average 121 | 2 133 . Maximum Alert Level 1 | . 1 . Low Security (%) 64 | 100 61 . Level 1 35 | . 38 . Level 2 . | . . . Level 3 . | . . . Level 4 . | . . . Level 5 . | . . . High Security . | . . . Max Security . | . . . Squads Dispatched 3 | . 3 . Investigation . | . . . Extermination . | . . . Reinforcement 3 | . 3 . Assault . | . . . Garrison . | . . . Intercept . | . . . Searches Triggered . | . . . Construction Impeded . | . . . Haulers Reinforced . | . . . Active Scanning Responses . | . . . Cargo Convoy Interrupts . | . . . Stealth | -11 -10 -10 --------- Run | Yrd Mat Sub Distress Signals . | . . . Communications Jammed . | . . . Distress Signals . | . . . Times Spotted 33 | 1 22 10 Peak Tracking Total 6 | 1 6 5 Tactical Retreats 3 | . 2 1 Traps | -11 -10 -10 ------- Run | Yrd Mat Sub Traps Triggered 1 | . 1 . Indirectly . | . . . Trap Hack Attempts . | . . . Triggered . | . . . Disarmed . | . . . Reprogrammed . | . . . Reused . | . . . Traps Extracted . | . . . Installed . | . . . Triggered 1 | . . 1 Machines | -11 -10 -10 ---------- Run | Yrd Mat Sub Machines Disabled . | . . . Max in Single Turn . | . . . Machines Repaired . | . . . Machines Dismantled . | . . . Machines Sabotaged . | . . . Overloaded Fab Kills . | . . . Hacking | -11 -10 -10 --------- Run | Yrd Mat Sub Machines Accessed . | . . . Terminals . | . . . Fabricators . | . . . Repair Stations . | . . . Recycling Units . | . . . Scanalyzers . | . . . Garrison Access . | . . . Total Hacks . | . . . Successful . | . . . Failed . | . . . Catastrophic . | . . . Database Lockouts . | . . . Manual . | . . . Terminals . | . . . Fabricators . | . . . Repair Stations . | . . . Recycling Units . | . . . Scanalyzers . | . . . Garrison Access . | . . . Terminal Hacks . | . . . Fabricator Hacks . | . . . Repair Station Hacks . | . . . Recycling Unit Hacks . | . . . Scanalyzer . | . . . Garrison Access Hacks . | . . . Unauthorized Hacks . | . . . Terminals . | . . . Fabricators . | . . . Repair Stations . | . . . Recycling Units . | . . . Scanalyzers . | . . . Garrison Access . | . . . Data Cores Recovered . | . . . Used . | . . . Hacking Detections . | . . . Full Trace Events . | . . . Feedback Events . | . . . Feedback Blocked . | . . . Robot Schematics Acquired . | . . . Robots Built . | . . . Authchips . | . . . Time . | . . . Total Robot Build Rating . | . . . Part Schematics Acquired . | . . . Parts Built . | . . . Authchips . | . . . Time . | . . . Total Part Build Rating . | . . . Parts Repaired . | . . . Time . | . . . Parts Recycled . | . . . Recycled Matter . | . . . Retrieved Matter . | . . . Retrieved Components . | . . . Parts Scanalyzed . | . . . Part Schematics Acquired . | . . . Parts Damaged . | . . . Bothacking | -11 -10 -10 ------------ Run | Yrd Mat Sub Used RIF Installer . | . . . Robots Hacked . | . . . Non-combat . | . . . Combat . | . . . Robot Hacks Applied . | . . . Relay Couplers Released . | . . . Fabnet Peak Effective % . | . . . Robots Rewired . | . . . Allies Hacked . | . . . Hacks Repelled . | . . . Allies | -11 -10 -10 -------- Run | Yrd Mat Sub Total Allies . | . . . Largest Group . | . . . Highest-Rated Group . | . . . Highest-Rated Ally . | . . . Total Orders . | . . . Ally Attacks . | . . . Total Damage . | . . . Kills . | . . . Allies Corrupted . | . . . Allies Melted . | . . . Intel | -11 -10 -10 ------- Run | Yrd Mat Sub Robot Analysis Total . | . . . Derelict Logs Recovered 1 | . . 1 Drone Launches . | . . . Drone Recoveries . | . . . Exploration | -11 -10 -10 ------------- Run | Yrd Mat Sub Turns Passed 1670 | 89 937 644 Spaces Moved 629 | 68 254 307 Core 128 | 17 . 111 Treads . | . . . Legs 496 | 46 254 196 Wheels 5 | 5 . . Hover . | . . . Flight . | . . . Fastest Speed 50 | 50 120 50 Average Speed 195 | 99 234 184 Slowest Speed 400 | 120 400 260 Overloaded Moves . | . . . Propulsion Burnouts . | . . . Robots Hopped . | . . . Cave-ins Triggered . | . . . Exploration Rate (%) 27 | 8 53 20 Regions Visited 2 Branch Regions 1 Pre-discovered Areas 2 | . . 2 Known Exits Taken . | . . . Unknown Exits Taken 2 | 1 1 . Scrap Searched . | . . . Spaces Dug . | . . . Terrain Destroyed 26 | . 19 7 Melee . | . . . Projectile . | . . . AOE 26 | . 19 7 Terrain Rammed . | . . . Walls Destroyed . | . . . Machines Disabled . | . . . Actions | -11 -10 -10 --------- Run | Yrd Mat Sub Total 971 | 79 536 356 Wait 254 | . 234 20 Move 627 | 67 253 307 Hop . | . . . Pick Up 8 | 1 7 . Fast Attach 11 | 5 5 1 Attach 3 | . 2 1 Detach 1 | . 1 . Swap 9 | 2 3 4 Drop 2 | . . 2 Fire 54 | 4 31 19 Melee . | . . . Ram . | . . . Kick . | . . . Crush . | . . . Escape Stasis . | . . . Rewire 2 | . . 2 Trap . | . . . Miscellaneous . | . . . Route ------- -11/Scrapyard -10/Materials (discovered 3 exits: [*Min x2] / [*Sub]) -10/Subcaves History --------- Turn | Location | Event 2 | -11/Scrapyard | Met Revision 17 64 | -11/Scrapyard | Discovered new exit (range 8) 90 | -11/Scrapyard | Entered Materials 312 | -10/Materials | Build established: Mutant 492 | -10/Materials | Discovered new exit (range 12) 600 | -10/Materials | Discovered new exit (range 16) 764 | -10/Materials | Lost 3 parts (1p1n1w) 998 | -10/Materials | Discovered new exit (range 7) 1027 | -10/Materials | Entered Subcaves 1028 | -10/Subcaves | Ambushed by Subdwellers from Twisted Machinery 1244 | -10/Subcaves | Learned location of Zion (-6) 1244 | -10/Subcaves | Met a Zionite searching for "candidates" 1580 | -10/Subcaves | Core integrity fell below 50% 1596 | -10/Subcaves | Core integrity fell below 20% 1625 | -10/Subcaves | Lost 6 parts (2n1u3w) 1671 | -10/Subcaves | Destroyed by VF-7J1(R) with Subdweller Machine Gun Last Messages --------------- a trip to Zion?" World map updated: -6/Zion. 01287_ L1-DLG(u) builds Twisted Machinery. 01356_ Acquired 7 matter. 01356_ UD-XDO(O) collects matter. 01365_ UD-XDO(O) puts together Sub. Power Source. 01397_ Acquired Sub. Power Source. 01489_ Acquired 15 matter. 01567_ H7-IEM(R) destroyed. 01568_ UD-XDO(O) collects matter. 01570_ UD-XDO(O) puts together Mak. Power Source. 01570_ Subatomizers dissect the Sub. Laser. 01576_ Grenade Launcher destroyed. 01580_ Aluminum Leg destroyed. 01582_ Lgt. Assault Rifle destroyed. 01584_ Aluminum Leg destroyed. 01588_ Heat Sink destroyed. 01594_ Battle Rifle destroyed. 01594_ Dropped Hcp. Storage Unit. 01595_ Dropped Sub. Power Source. Map ----- +----------------------------------------------------+ | ?????????????????????????????????????????????????? | | ?????????????????????????????????????????????????? | | ?????????????????????????????????????????????????? | | ?????????????????????????????????????????????????? | | ?????????????????????????????????????????????????? | | ?????????????????????????????????????????????????? | | ?????????????????????????????????????????????????? | | ?????????????????????????????????????????????????? | | ?????????????????????????????????????????????????? | | ?????????????????????????????????????????????????? | | ?????????????????????????????????????????????????? | | ?????????????????????????????????????????????????? | | ?????????????????????????????????????????????????? | | ???????????????? ???????????????????????????????? | | ???????????????## ??##??????????????????????????? | | ??????????????## ### #?????????????????????????? | | ?????????????# ?????????????????????????? | | ????????????? #????????????????????????? | | ?????????????? ##??????????????????????? | | ??????????????? ##?????????????????????? | | ????????????????? #?????????????????????? | | ??????????????????# R ##????????????????????? | | ??????????????????# R #????????????????????? | | ??????????????????? #????????????????????? | | ?????????????????????# #????????????????????? | | ??????????????????????# @ #????????????????????? | | ??????????????????????### #????????????????????? | | ???????????????????????## #????????????????????? | | ????????????????????#### ##????????????????????? | | ???????????????????## #?????????????????????? | | ???????????????????# ##?????????????????????? | | ??????????????????## ##??????????????????????? | | ??????????????????# ##???????????????????????? | | ?????????? ??????# R##???????????????????????? | | ???????? #????## ##??????????????????????? | | ???????? ????# ##???###??####?????????? | | ???????? ????## ## #???# #### ##????????? | | ????????? #????##?### #???# ""##???????? | | ????????? #????????## ##???# """#""""???? | | ?????????# #??????### #???## = " """"???? | | ????????## #??##### #???# # !&&&""""" ??? | | ????????# #### "##???# ## !" # " ?? | | ????????# # ###????# # # ##??" ?? | | ????????? # ##??????# ###### "#??????? | | ??????????# ### ##??????## ## "##??????? | | ??????????# ### ##??????## ##??????? | | ??????????# ## ##???????# #??????? | | ######???## #######????## ### ##?????#? | | # #?## #?## ##?### " #########????? #" | | ## ### ### """ ### ###??????# " | +----------------------------------------------------+ Best States ------------- Heat Dissipation 35 Energy Generation 15 Energy Capacity 250 Matter Stores 300 Matter Capacity 300 Sight Range 16 Terrain Scan Density 10 Evasion (%) 55 Item Schematics ----------------- None Robot Schematics ------------------ None Fabricated ------------ Nothing Alien Tech Used ----------------- None Achievements -------------- None Challenges ------------ None Game ------ Seed LightpackShrapnelSuite Manual? 0 Play Time 00:08:47 Cumulative 99.7 hours Start 2024.09.26 @ 08:09:23 End 2024.09.26 @ 08:15:50 Sessions 1 Manual Loads 0 Difficulty Rogue Special Mode None Game No. 171 Rogue 171 Adventurer 0 Explorer 0 Win Type - Total 0 Types 0/0/0/0/0/0/0/0/0 Lore% 48 Gallery% 51 Achievement% 41 Wizard Run 0 Options --------- Layout 0 ASCII 0 Keyboard 1 Movement Numpad Keybinds 0 Fullscreen 2 Font 18/SmallcapsGlow Map View 76x50 Zoom Use 0% Tactical HUD 1 Map Filters NONE Filters NONE Steam 1 RUN: d959f15d-4341-4524-ba32-1bed001b023a